Map: 破晓黎明 - 天梯版

Players

MajOr (SpeCial)

  • Race: Terran Terran
  • Spawn Location: 1:00

iAsonu - Winner!

  • Race: Zerg Zerg
  • Spawn Location: 7:00

Event: WESG 2016 Finals

VOD

Have the link to the VOD?

Description

Time

  • Played on: Jan. 13, 2017, 12:27 a.m.
  • Length: 11:25

All games in this series

Show
View Real Time Build Order
Export as new Build Order

MajOr Terran 

Build Orders: Reaper Expand, Hellion Banshee 

Get SALT Encoding   

  12  0:00  SCV  
  13  0:13  SCV  
  14  0:17  Supply Depot  
  14  0:25  SCV  
  15  0:29  Refinery  
  15  0:39  SCV  
  16  0:46  Barracks  
  16  0:51  SCV  
  17  1:03  SCV  
  18  1:15  SCV  
  19  1:33  Orbital Command, Reaper  
  20  1:43  Command Center  
  20  1:54  Factory  
  20  1:59  SCV  
  21  2:06  Barracks Reactor  
  21  2:10  Refinery  
  21  2:11  SCV  
  22  2:16  Supply Depot  
  22  2:19  Supply Depot  
  22  2:23  SCV  
  23  2:40  SCV, Starport  
  24  2:48  Hellion x2  
  24  2:49  Marine  
  29  2:53  SCV  
  30  3:00  Orbital Command  
  30  3:05  SCV  
  31  3:11  Hellion  
  33  3:14  Hellion  
  33  3:19  Medivac  
  37  3:21  SCV  
  37  3:26  SCV  
  39  3:27  Barracks Tech Lab  
  39  3:34  Supply Depot  
  39  3:37  SCV  
  39  3:38  SCV  
  43  3:41  Hellion  
  43  3:43  Hellion  
  45  3:49  SCV  
  46  3:55  SCV  
  46  3:56  Armory, Supply Depot  
  46  3:59  Cloaking Field  
  47  4:06  Banshee  
  50  4:13  SCV x2  
  52  4:22  Supply Depot  
  52  4:23  Hellion x2  
  54  4:28  SCV x2  
  56  4:40  SCV  
  56  4:41  SCV  
  56  4:44  Hellion x2, Supply Depot  
  62  4:48  Banshee  
  65  4:53  SCV x2  
  67  5:05  SCV x2  
  69  5:07  Hellion  
  69  5:08  Hellion  
  69  5:11  Supply Depot  
  73  5:15  Command Center  
  65  5:21  SCV x2  
  65  5:25  Barracks Reactor  
  65  5:27  Factory  
  64  5:30  Refinery x2  
  64  5:33  Banshee  
  67  5:36  SCV x2  
  67  5:39  Terran Vehicle Weapons Level 1  
  67  5:40  Hellion  
  67  5:41  Hellion  
  73  5:45  Supply Depot  
  73  5:50  SCV x2  
  73  5:52  Hellion x4  
  75  6:02  SCV x2  
  77  6:06  Cyclone x2  
  83  6:14  SCV  
  83  6:15  SCV  
  82  6:26  SCV  
  82  6:28  Refinery, Factory  
  82  6:29  Orbital Command  
  82  6:31  Refinery  
  82  6:32  Cyclone x2  
  89  6:34  SCV  
  89  6:38  SCV  
  90  6:41  Engineering Bay  
  90  6:44  Cyclone x2  
  90  6:46  SCV  
  97  6:50  SCV  
  98  6:55  SCV  
  98  6:59  SCV  
  100  7:02  SCV  
  100  7:06  Supply Depot, Cyclone x2  
  100  7:07  SCV  
  108  7:11  SCV  
  108  7:13  Supply Depot  
  108  7:14  Supply Depot  
  109  7:27  SCV x3  
  109  7:28  Hellion x2, Supply Depot  
  116  7:34  Thor  
  122  7:39  Hellion x2  
  122  7:40  SCV x3  
  122  7:42  Factory  
  122  7:43  Factory  
  129  7:49  Hellion  
  129  7:51  Supply Depot  
  131  7:52  SCV x3  
  131  7:53  Hellion, Supply Depot  
  136  7:59  Medivac  
  136  8:04  Hellion  
  144  8:12  Hellion  
  144  8:15  Hellion  
  144  8:23  SCV x2  
  144  8:28  Factory Tech Lab  
  144  8:31  Factory Tech Lab  
  144  8:33  Factory Tech Lab  
  144  8:34  Hellion  
  144  8:36  Hellion  
  144  8:39  Supply Depot x2  
  146  8:48  Siege Tank  
  149  8:49  Starport Reactor  
  149  8:51  SCV x2  
  149  8:53  Siege Tank x2  
  157  8:57  Starport Tech Lab  
  157  8:59  Terran Vehicle Weapons Level 2  
  157  9:00  Hellion x2  
  157  9:01  Supply Depot x2  
  157  9:02  Supply Depot  
  161  9:04  Supply Depot  
  161  9:07  Supply Depot  
  161  9:17  Infernal Pre-Igniter  
  161  9:20  Siege Tank  
  161  9:21  Factory Reactor  
  161  9:22  Hellion x2  
  168  9:24  Supply Depot  
  168  9:25  Siege Tank  
  168  9:26  Supply Depot  
  168  9:27  Supply Depot  
  171  9:33  Siege Tank  
  171  9:37  Banshee  
  177  9:39  Supply Depot  
  177  9:41  Supply Depot  
  177  9:43  Hellion x2  
  181  9:52  Siege Tank  
  182  9:57  Siege Tank  
  185  10:02  Hellion  
  185  10:05  Hellion x2, Siege Tank  
  186  10:20  Banshee  
  189  10:23  Command Center  
  189  10:24  Siege Tank  
  189  10:26  Hellion x2  
  194  10:31  Hellion x2  
  148  10:44  Siege Tank x2  
  148  10:47  Hellion x2  
  147  10:52  Cyclone  
  147  10:53  Cyclone  
Show
View Real Time Build Order
Export as new Build Order

iAsonu Zerg - Winner!

Build Orders: Pool First, Swarm Host 

Get SALT Encoding   

  12  0:00  Drone  
  13  0:12  Overlord  
  13  0:18  Drone  
  14  0:31  Drone  
  14  0:32  Drone  
  14  0:34  Drone  
  17  0:46  Spawning Pool  
  17  0:49  Drone  
  17  1:10  Hatchery  
  16  1:13  Drone  
  16  1:14  Drone  
  16  1:17  Extractor  
  17  1:20  Drone  
  18  1:29  Drone  
  19  1:33  Queen  
  19  1:39  Drone  
  22  1:49  Overlord  
  22  2:10  Hatchery, Zergling x2  
  22  2:15  Queen  
  24  2:22  Metabolic Boost  
  24  2:26  Drone  
  25  2:30  Drone  
  25  2:32  Drone  
  25  2:35  Drone  
  28  2:37  Drone  
  28  2:41  Drone  
  28  2:43  Drone  
  31  2:50  Queen  
  33  2:55  Overlord  
  33  2:58  Drone  
  34  3:03  Drone x2  
  36  3:15  Drone, Zergling x2  
  36  3:16  Zergling x8  
  42  3:24  Drone x2  
  42  3:25  Drone  
  45  3:29  Overlord  
  44  3:37  Queen  
  44  3:39  Drone, Queen  
  49  3:46  Overlord  
  49  3:50  Queen  
  49  3:51  Drone  
  52  3:57  Drone  
  52  3:58  Zergling x2  
  52  3:59  Zergling x6  
  57  4:05  Drone  
  57  4:08  Drone  
  59  4:17  Drone x3  
  60  4:19  Drone  
  60  4:23  Drone, Lair  
  64  4:25  Drone  
  65  4:32  Overlord  
  65  4:35  Spore Crawler  
  65  4:36  Spore Crawler x2  
  62  4:40  Drone x3  
  62  4:44  Overlord  
  65  4:51  Drone  
  66  4:53  Drone x7  
  66  4:58  Evolution Chamber, Extractor  
  66  4:59  Evolution Chamber  
  70  5:06  Queen x2  
  71  5:16  Zergling x2  
  71  5:17  Zergling x14  
  75  5:23  Queen  
  75  5:27  Baneling Nest  
  73  5:30  Drone  
  73  5:34  Extractor  
  73  5:35  Drone  
  73  5:36  Drone  
  73  5:37  Drone  
  73  5:39  Overseer  
  75  5:45  Drone x6  
  75  5:47  Drone  
  82  5:57  Zerg Melee Weapons Level 1, Zerg Missile Weapons Level 1  
  82  6:01  Extractor x2  
  82  6:03  Drone  
  79  6:14  Drone  
  80  6:20  Drone  
  79  6:26  Baneling Nest, Overlord  
  79  6:27  Infestation Pit  
  79  6:28  Drone, Infestation Pit  
  79  6:29  Drone x3  
  79  6:32  Overlord  
  81  6:37  Overlord  
  81  6:44  Overlord  
  81  6:48  Drone  
  82  6:54  Drone x3, Extractor  
  82  6:55  Drone x5, Spire  
  82  7:00  Overlord  
  88  7:04  Overlord  
  88  7:05  Hatchery  
  88  7:06  Baneling x3  
  88  7:07  Swarm Host x5  
  100  7:11  Swarm Host  
  103  7:24  Swarm Host x3  
  112  7:30  Zergling x14  
  119  7:40  Burrow  
  119  7:41  Drone, Hatchery, Overlord  
  119  7:43  Centrifical Hooks  
  119  7:45  Zergling x6  
  119  7:47  Overlord  
  122  7:51  Overlord  
  122  7:53  Zerg Melee Weapons Level 2  
  120  8:03  Zergling x14  
  120  8:04  Zergling x4  
  128  8:06  Baneling  
  128  8:07  Baneling x9  
  128  8:18  Zergling x14  
  133  8:22  Baneling x3  
  132  8:28  Drone x3  
  132  8:29  Drone x4  
  139  8:35  Zergling x2  
  140  8:48  Baneling x13  
  137  8:49  Baneling, Overlord  
  137  8:50  Swarm Host x3  
  137  8:52  Extractor  
  145  8:57  Extractor  
  145  9:02  Overlord  
  140  9:20  Swarm Host x6  
  140  9:22  Zergling x6  
  140  9:23  Zergling x10  
  166  9:29  Overlord  
  166  9:35  Overlord  
  166  9:41  Overlord  
  166  9:44  Overlord x2  
  166  9:45  Overlord x3  
  161  9:53  Zergling x14  
  165  10:12  Swarm Host x3  
  165  10:13  Swarm Host x2  
  180  10:21  Baneling x13  
  180  10:22  Baneling x7  
  180  10:25  Zergling x22  
  180  10:41  Mutalisk  
  180  10:42  Mutalisk x6  
  164  10:45  Zergling x24  
  176  10:55  Zergling x6  
  172  11:01  Zergling x6  
Tags
 
Add a new tag
Caveats
  • Supply blocks, unpowered buildings, or Contaminate may cause inaccurate times.
  • Supply counts are checked every 10 seconds.